 Dungeon Crawl Stone Soup version 0.24-a0-140-gcaa6c10 (webtiles) character file.

Game seed: 951524113140588769

124 lemonriz the Poker (level 4, 0/36 HPs)
             Began as a Demonspawn Gladiator on Mar 4, 2019.
             Succumbed to a kobold's poison
             ... on level 3 of the Dungeon.
             The game lasted 00:04:10 (1875 turns).

lemonriz the Poker (Demonspawn Gladiator)           Turns: 1875, Time: 00:04:11

Health: 0/36       AC:  4    Str: 14    XL:     4   Next: 81%
Magic:  4/4        EV: 17    Int: 10    God:
Gold:   100        SH:  5    Dex: 20    Spells: 3/3 levels left

rFire    . . .     SeeInvis .   a - +0 trident
rCold    . . .     Gourm    .   k - +0 buckler
rNeg     . . .     Faith    .   b - +0 leather armour
rPois    .         Spirit   .   c - +0 helmet
rElec    .         Reflect  .   (no cloak)
rCorr    .         Harm     .   (no gloves)
MR       .....                  (no boots)
Stlth    +++.......             (no amulet)
HPRegen  0.12/turn              g - ring of flight
MPRegen  0.09/turn              (no ring)

@: agile, lethally poisoned (0 -> -8)
A: hooves 1, nightstalker 1
a: Evoke Flight


You were on level 3 of the Dungeon.
You were not hungry.

You visited 1 branch of the dungeon, and saw 3 of its levels.

You collected 100 gold pieces.

Inventory:

Hand Weapons
 a - a +0 trident (weapon)
Missiles
 d - 3 throwing nets (quivered)
Armour
 b - a +0 leather armour (worn)
 c - a +0 helmet (worn)
 k - a +0 buckler (worn)
Jewellery
 g - a ring of flight (left hand)
Scrolls
 h - 2 scrolls of teleportation {unknown}
 j - a scroll of blinking {unknown}
 l - 3 scrolls of identify {unknown}
 n - a scroll of fear {unknown}
 o - a scroll of remove curse {unknown}
Potions
 e - a potion of cancellation
Comestibles
 f - 2 rations


   Skills:
 + Level 3.6 Fighting
 + Level 3.8 Polearms
 - Level 1.7 Throwing
 - Level 2.6 Dodging
 + Level 1.3 Shields


You had 3 spell levels left.
You didn't know any spells.
Your spell library was empty.

Dungeon Overview and Level Annotations

Branches:
Dungeon (3/15)

Altars:

Annotations:
D:3 1 runed translucent door, Scuka's ghost, amateur GrFi


Innate Abilities, Weirdness & Mutations

You have large cloven feet.
You are slightly more attuned to the shadows.


Message History

* * * LOW HITPOINT WARNING * * *
You feel sick.
It was a potion of agility.
You feel agile all of a sudden.
* * * LOW HITPOINT WARNING * * *
You feel sick.
* * * LOW HITPOINT WARNING * * *
You feel sick.
* * * LOW HITPOINT WARNING * * *
You feel sick.
* * * LOW HITPOINT WARNING * * *
You feel sick.
* * * LOW HITPOINT WARNING * * *
You feel sick.
* * * LOW HITPOINT WARNING * * *
You feel sick.
Found a stone staircase leading down.
* * * LOW HITPOINT WARNING * * *
You feel sick.
You die...

.. . # #. ..#.#.####
.>..#....# ..
#.......# ..
..###......#
..#8.8#........#@..#
S............#.#.#.#
#.#8.8#.# #.......#
#.##.##.# ##...####
#.....(.#####...#
#.....(.#.(%#...#
#......((.......###
..#....).(.....?...
..###+##..()........


There were no monsters in sight!

Vanquished Creatures
  A crimson imp (D:3)
  4 adders
  An ooze (D:2)
  2 dart slugs (D:1)
  3 leopard geckos
  A ball python (D:3)
  5 bats
  2 giant cockroaches
  4 goblins
  5 hobgoblins
  7 kobolds
  A quokka (D:2)
  A frilled lizard (D:1)
  6 rats
43 creatures vanquished.

Notes
Turn   | Place    | Note
-------+----------+-------------------------------------------
     0 | D:1      | lemonriz the Demonspawn Gladiator began the quest for the
                  | Orb.
     0 | D:1      | Reached XP level 1. HP: 16/16 MP: 1/1
   102 | D:1      | Gained mutation: You are slightly more attuned to the
                  | shadows. [demonic ancestry]
   102 | D:1      | Reached XP level 2. HP: 20/23 MP: 2/2
   700 | D:2      | Reached XP level 3. HP: 28/28 MP: 3/3
  1577 | D:3      | Noticed a two-headed ogre
  1586 | D:2      | Gained mutation: You have large cloven feet. [demonic
                  | ancestry]
  1586 | D:2      | Reached XP level 4. HP: 31/35 MP: 4/4
  1670 | D:3      | Reached skill level 1 in Shields
  1841 | D:3      | Found a runed translucent door.
  1843 | D:3      | Noticed Scuka's ghost (amateur GrFi)
  1874 | D:3      | HP: 1/36 [poisoned by a kobold]
  1875 | D:3      | Succumbed to a kobold's poison

Levels and vault maps discovered:
D:1:      dpeg_arrival_leaves_temple_mockup, layout_loops_ring
D:2:      layout_loops_corners
D:3:      layout_basic, ebering_ghost_sewer_f, small_statue_intersection

Skill      XL: |  1  2  3  4 |
---------------+-------------+-----
Polearms       | 3 |  3.8
Fighting       | 3 |  3.6
Shields        | 1 |  1.3
Throwing       | |  1.7
Dodging        | |  2.6

Action                   |  1- 3 |  4- 6 || total
-------------------------+-------+-------++-------
Melee: Trident           |    96 |    40 ||   136
       Kick              |       |     6 ||     6
  Use: Potion            |       |     2 ||     2
 Stab: Sleeping          |    13 |       ||    13
  Eat: Chunk             |     2 |     1 ||     3
Armor: Leather armour    |    16 |     8 ||    24
Dodge: Dodged            |    39 |    21 ||    60
Block: Buckler           |     5 |     2 ||     7

Table legend:
 A = Non-vault XP
 B = Vault XP
 C = Vault XP percentage of total XP
 D = Non-vault monster count
 E = Vault monster count
 F = Vault count percentage of total count
                 A         B        C        D         E       F
            +---------+---------+-------+---------+---------+-------
      Total |     178 |       0 |   0.0 |      43 |       0 |   0.0
            +---------+---------+-------+---------+---------+-------
        D:1 |      36 |       0 |   0.0 |      19 |       0 |   0.0
        D:2 |      70 |       0 |   0.0 |      16 |       0 |   0.0
        D:3 |      72 |       0 |   0.0 |       8 |       0 |   0.0
            +---------+---------+-------+---------+---------+-------
